 Dungeon Crawl Stone Soup version 0.20-a0-4-gd166d5d (webtiles) character file.

44 Kaname the Stinger (level 3, 0/24 HPs)
             Began as a Demonspawn Venom Mage on Oct 31, 2016.
             Succumbed to an adder's poison
             ... on level 2 of the Dungeon.
             The game lasted 00:02:50 (690 turns).

Kaname the Stinger (Demonspawn Venom Mage)           Turns: 690, Time: 00:02:50

Health: 0/24       AC:  5    Str:  8    XL:     3   Next: 41%
Magic:  1/6        EV: 12    Int: 17    God:
Gold:   74         SH:  0    Dex: 13    Spells: 1 memorised, 5 levels left

rFire  . . .     SeeInvis .     n - +0 short sword
rCold  + . .     Gourm    .     a - +0 robe
rNeg   . . .     Faith    .     (no shield)
rPois  .         Spirit   .     (helmet restricted)
rElec  .         Reflect  .     (no cloak)
rCorr  .         Harm     .     (no gloves)
MR     .....                    (no boots)
Stlth  +++.......               (no amulet)
                                q - +3 ring of protection
                                j - ring of protection from cold (curse)

@: lethally poisoned (0 -> -1)
A: horns 1, nightstalker 1
a: no special abilities


You were on level 2 of the Dungeon.
You were not hungry.

You visited 1 branch of the dungeon, and saw 2 of its levels.

You collected 74 gold pieces.

Inventory:

Hand Weapons
 n - a +0 short sword (weapon)
Armour
 a - a +0 robe (worn)
 k - a +0 helmet of intelligence
Jewellery
 j - a cursed ring of protection from cold (left hand)
 q - a +3 ring of protection (right hand)
Scrolls
 d - a scroll of remove curse {unknown}
 e - a scroll of teleportation {unknown}
 f - a scroll of recharging {unknown}
 g - a scroll of blinking {unknown}
 i - 2 scrolls of identify {unknown}
 m - a scroll of immolation {unknown}
 o - a scroll of enchant armour {unknown}
 r - a scroll of amnesia {unknown}
Books
 b - a Young Poisoner's Handbook

   Spells                             Type                      Level
   a - Sting                          Conjuration/Poison           1
   b - Mephitic Cloud                 Conjuration/Poison/Air       3
   c - Olgreb's Toxic Radiance        Poison                       4
   d - Alistair's Intoxication        Transmutation/Poison         5
   e - Venom Bolt                     Conjuration/Poison           5
Comestibles
 c - 2 bread rations
 l - a slice of pizza
 p - a beef jerky


   Skills:
 - Level 1.7 Dodging
 - Level 1.7 Stealth
 - Level 2.0 Spellcasting
 + Level 3.1 Conjurations
 - Level 4.0 Poison Magic


You had 5 spell levels left.
You knew the following spells:

 Your Spells              Type           Power        Failure   Level  Hunger
a - Sting                 Conj/Pois      ##..         4%          1    #......


Dungeon Overview and Level Annotations

Branches:
Dungeon (2/15)

Altars:


Innate Abilities, Weirdness & Mutations

You have a pair of small horns on your head.
You are slightly more attuned to the shadows.


Message History

You feel sick.
Things that are here:
an adder corpse x2
Found a scroll labeled UPUCKE XADAAXENT.
A hobgoblin comes into view. It is wielding a club.
* * * LOW HITPOINT WARNING * * *
You feel sick.
The hobgoblin shouts!
You see here a scroll labeled UPUCKE XADAAXENT.
e - a scroll labeled UPUCKE XADAAXENT
* * * LOW HITPOINT WARNING * * *
You feel sick.
Casting: Sting
Confirm with . or Enter, or press ? or * to list all spells.
Aiming: Sting
Press: ? - help, Shift-Dir - straight line, f - hobgoblin
Aim: a hobgoblin, wielding a club The sting hits the hobgoblin.
The hobgoblin is poisoned.
The hobgoblin is moderately wounded.
You die...

.... .....###
........ .......#
.......+
.......#####
........g..#
.........#@#
.......###.#
.......# #.#
##########.#####
#..........#...#
#............#.#
#..........###.#
####.#####........#
#...## ##..#######


You could see a hobgoblin.

Vanquished Creatures
  3 adders (D:2)
  A dart slug (D:1)
  A leopard gecko (D:1)
  4 goblins (D:1)
  2 hobgoblins
  A kobold (D:1)
  A ball python (D:1)
  A frilled lizard (D:1)
14 creatures vanquished.

Notes
Turn   | Place    | Note
-------+----------+-------------------------------------------
     0 | D:1      | Kaname the Demonspawn Venom Mage began the quest for the Orb.
     0 | D:1      | Reached XP level 1. HP: 13/13 MP: 3/3
   102 | D:1      | Reached skill level 1 in Conjurations
   316 | D:1      | Gained mutation: You have a pair of small horns on your head. [demonic ancestry]
   316 | D:1      | Reached XP level 2. HP: 19/19 MP: 3/5
   669 | D:2      | Gained mutation: You are slightly more attuned to the shadows. [demonic ancestry]
   669 | D:2      | Reached XP level 3. HP: 6/24 MP: 0/6
   682 | D:2      | HP: 1/24 [poisoned by an adder]
   690 | D:2      | Succumbed to an adder's poison

Vault maps used:
D:1:      eino_arrival_water_cross
D:2:      minmay_roachtagon, lemuel_crystal_altar, lemuel_round_altar,
          kennysheep_ying_yang, okawaru_altar_gauntlet_db,
          uniq_crazy_yiuf_cottage, uniq_jessica

Skill      XL: |  1  2  3 |
---------------+----------+-----
Conjurations   | 1 2 3 |  3.1
Dodging        | |  1.7
Stealth        | |  1.7
Spellcasting   | |  2.0
Poison Magic   | |  4.0

Action                   || total
-------------------------++-------
Melee: Unarmed           ||     6
       Short sword       ||    32
       Headbutt          ||     6
 Cast: Sting             ||    18
  Use: Potion            ||     2
Armor: Robe              ||    12
Dodge: Dodged            ||    22
